 Dungeon Crawl Stone Soup version 0.21.1-1-g345015f (webtiles) character file.

326 wojtek the Cleaver (level 6, -1/51 HPs)
             Began as a Minotaur Fighter on July 23, 2018.
             Succumbed to a scorpion's poison
             ... on level 3 of the Dungeon.
             The game lasted 00:02:30 (2286 turns).

wojtek the Cleaver (Minotaur Fighter)               Turns: 2286, Time: 00:02:30

Health: -1/51      AC:  6    Str: 23    XL:     6   Next: 24%
Magic:  5/5        EV:  7    Int: 10    God:
Gold:   57         SH:  9    Dex:  9    Spells: 5/5 levels left

rFire    + . .     SeeInvis .   a - +0 war axe
rCold    + . .     Gourm    .   c - +0 shield
rNeg     . . .     Faith    .   b - +0 scale mail
rPois    +         Spirit   .   (helmet restricted)
rElec    +         Reflect  .   (no cloak)
rCorr    +         Harm     .   (no gloves)
MR       .....                  (no boots)
Stlth    ..........             (no amulet)
HPRegen  0.17/turn              (no ring)
MPRegen  0.09/turn              (no ring)

@: brilliant, lethally poisoned (-1 -> -13), resistant
A: retaliatory headbutt, horns 2
a: no special abilities


You were on level 3 of the Dungeon.
You were hungry.

You visited 1 branch of the dungeon, and saw 4 of its levels.

You collected 57 gold pieces.

Inventory:

Hand Weapons
 a - a +0 war axe (weapon)
Armour
 b - a +0 scale mail (worn)
 c - a +0 shield (worn)
Jewellery
 o - an uncursed amulet of regeneration {unknown}
 t - an uncursed ring of wizardry {unknown}
Scrolls
 e - 4 scrolls of fear {unknown}
 g - 3 scrolls of identify {unknown}
 h - a scroll of magic mapping {unknown}
 i - a scroll of amnesia {unknown}
 k - 3 scrolls of remove curse {unknown}
 l - a scroll of enchant weapon {unknown}
 n - 2 scrolls of random uselessness {unknown}
 p - a scroll of blinking {unknown}
 q - 2 scrolls of teleportation {unknown}
Potions
 d - a potion of might
 j - a potion of magic
Comestibles
 f - 10 rations


   Skills:
 - Level 3.6 Fighting
 + Level 8.0 Axes
 - Level 3.6 Armour
 - Level 3.6 Shields


You had 5 spell levels left.
You didn't know any spells.

Dungeon Overview and Level Annotations

Branches:
Dungeon (4/15)
 Temple: D:4-7

Altars:
Qazlal
Ru
Trog

Annotations:
D:4 Dowan


Innate Abilities, Weirdness & Mutations

You reflexively headbutt those who attack you in melee.
You have a pair of horns on your head.


Message History

* * * LOW HITPOINT WARNING * * *
You feel sick.
You slash the scorpion!
You kill the scorpion!
Your Axes skill increases to level 8!
* * * LOW HITPOINT WARNING * * *
You feel sick.
* * * LOW HITPOINT WARNING * * *
You feel sick.
You see here a scorpion corpse.
It was a potion of magic.
Magic courses through your body.
* * * LOW HITPOINT WARNING * * *
You feel sick.
It was a potion of brilliance.
You feel clever all of a sudden.
* * * LOW HITPOINT WARNING * * *
You feel sick.
It was a potion of resistance.
You feel protected.
You die...

#..........##.# #.#.#.......#
##+######..##.###.#.#.......#
...#######.##.....#)#.#####.#####
.......[....#..####.#............
..########..#..# #.#######......
##......##.....# #.#...#.#######
.#.........#...# #.#.....#######
'######.####..#####.###..........
.....##......>..@.....#..........
.....##############.#.#..........
.....+.......##.....#.#..........
.....#######.##.#####.#..........
.....# #.##.#####.#<.........
.....# #........#.###########
############..#.###.#.#
#.............#.###.#.#
#.##########..#.....#.#


There were no monsters in sight!

Vanquished Creatures
  Duvessa (D:4)
  A scorpion (D:3)
  A howler monkey (D:4)
  An iguana (D:4)
  A worker ant (D:2)
  2 adders
  2 worms
  2 leopard geckos (D:3)
  An orc (D:3)
  3 giant cockroaches
  5 goblins
  8 hobgoblins
  5 jackals
  9 kobolds
  A quokka (D:3)
  A ball python (D:2)
  6 bats
  3 frilled lizards
  A jackal skeleton (D:4)
  9 rats
63 creatures vanquished.

Notes
Turn   | Place    | Note
-------+----------+-------------------------------------------
     0 | D:1      | wojtek the Minotaur Fighter began the quest for the Orb.
     0 | D:1      | Reached XP level 1. HP: 19/19 MP: 0/0
   134 | D:1      | Reached skill level 3 in Axes
   145 | D:1      | Reached XP level 2. HP: 19/26 MP: 1/1
   215 | D:1      | Reached skill level 4 in Axes
   605 | D:2      | Reached XP level 3. HP: 18/31 MP: 2/2
   829 | D:2      | Found a faded altar of an unknown god.
   869 | D:2      | Found a stormy altar of Qazlal.
   935 | D:2      | Reached skill level 5 in Axes
  1090 | D:2      | Reached XP level 4. HP: 36/39 MP: 3/3
  1094 | D:2      | Found a sacrificial altar of Ru.
  1677 | D:3      | Found a bloodstained altar of Trog.
  1958 | D:4      | Reached skill level 6 in Axes
  2058 | D:4      | Noticed Duvessa
  2062 | D:4      | Noticed Dowan
  2111 | D:4      | Reached XP level 5. HP: 39/45 MP: 4/4
  2272 | D:4      | Killed Duvessa
  2272 | D:4      | Reached skill level 7 in Axes
  2272 | D:4      | Reached XP level 6. HP: 30/51 MP: 5/5
  2282 | D:3      | Reached skill level 8 in Axes
  2284 | D:3      | HP: 2/51 [poisoned by a scorpion]
  2286 | D:3      | Succumbed to a scorpion's poison

Skill      XL: |  1  2  3  4  5  6 |
---------------+-------------------+-----
Axes           | 3 4 5 6 7 8 |  8.0
Fighting       | |  3.6
Armour         | |  3.6
Shields        | |  3.6

Action                   |  1- 3 |  4- 6 || total
-------------------------+-------+-------++-------
Melee: War axe           |    75 |    94 ||   169
       Headbutt          |    12 |    13 ||    25
  Use: Potion            |       |     3 ||     3
  Eat: Chunk             |     1 |     3 ||     4
Armor: Scale mail        |    27 |    34 ||    61
Dodge: Dodged            |    21 |    25 ||    46
Block: Shield            |    32 |    42 ||    74
